 Dungeon Crawl Stone Soup version 0.25-a0-420-g1cc7eeb0d1 (webtiles) character file.

Game seed: 8662773947099862059, levelgen mode: deterministic

3460 ReteAZ the Quickloader (level 9, -2/67 HPs)
             Began as a Centaur Hunter on Jan 19, 2020.
             Was a Believer of Okawaru.
             Slain by a killer bee (10 damage)
             ... on level 8 of the Dungeon.
             The game lasted 00:15:12 (8466 turns).

ReteAZ the Quickloader (Centaur Hunter)             Turns: 8466, Time: 00:15:12

Health: -2/67      AC:  9    Str: 15    XL:     9   Next: 78%
Magic:  9/9        EV: 10    Int: 10    God:    Okawaru [**....]
Gold:   493        SH:  0    Dex: 13    Spells: 8/8 levels left

rFire    + . .     SeeInvis +   B - +9 arbalest "Kuevos" {vorpal, MR+}
rCold    + . .     Gourm    .   (shield currently unavailable)
rNeg     . . .     Faith    .   y - +2 robe {rC+ rF+}
rPois    .         Spirit   .   l - +1 helmet
rElec    .         Reflect  .   (no cloak)
rCorr    +         Harm     .   G - +0 pair of gloves
MR       +....                  (no barding)
Stlth    +.........             (no amulet)
HPRegen  0.21/turn              R - ring of see invisible
MPRegen  0.11/turn              n - ring of resist corrosion

@: lethally poisoned (-2 -> -4), very quick
A: large, hooves 3, deformed body, speed 2, tough skin 3
a: Heroism, Renounce Religion


You were on level 8 of the Dungeon.
You worshipped Okawaru.
Okawaru was pleased with you.
You were not hungry.

You visited 2 branches of the dungeon, and saw 9 of its levels.

You collected 493 gold pieces.

Inventory:

Hand Weapons
 a - a +1 hunting sling
 b - a +0 short sword
 z - a +2 whip of electrocution
 B - the +9 arbalest "Kuevos" (weapon) {vorpal, MR+}
   (You found it on level 4 of the Dungeon)

   Any bolt fired from it inflicts extra damage.
   It affects your resistance to hostile enchantments.
Missiles
 d - 69 sling bullets
 r - 205 stones
 C - 76 bolts (quivered)
Armour
 c - a +0 leather armour
 l - a +1 helmet (worn)
 y - a +2 robe of resistance (worn)
 G - a +0 pair of gloves (worn)
Jewellery
 n - a ring of resist corrosion (right hand)
 R - a ring of see invisible (left hand)
Wands
 I - a wand of random effects (11)
 J - a wand of paralysis (11)
 K - a wand of acid (6)
 P - a wand of enslavement (7)
Scrolls
 e - a scroll of enchant weapon {unknown}
 h - 5 scrolls of enchant armour
 i - 3 scrolls of fog
 j - 7 scrolls of identify
 k - a scroll of noise
 q - 4 scrolls of teleportation {unknown}
 s - 3 scrolls of immolation {unknown}
 t - 6 scrolls of remove curse {unknown}
 v - a scroll of random uselessness {unknown}
 A - 3 scrolls of fear {unknown}
 E - 2 scrolls of magic mapping {unknown}
 M - a scroll of amnesia {unknown}
Potions
 g - 3 potions of lignification {unknown}
 m - 3 potions of degeneration {unknown}
 o - 3 potions of might {unknown}
 p - 2 potions of heal wounds {unknown}
 u - 3 potions of curing
 w - 3 potions of cancellation {unknown}
 x - a potion of berserk rage {unknown}
 D - a potion of invisibility {unknown}
 F - a potion of haste {unknown}
 H - a potion of flight {unknown}
 L - a potion of resistance {unknown}
 O - a potion of mutation {unknown}
Comestibles
 f - 13 rations
 N - 4 chunks of flesh


   Skills:
 - Level 2.0 Fighting
 - Level 9.5 Slings
 + Level 12.4 Crossbows
 - Level 1.3 Dodging
 - Level 0.4 Stealth


You had 8 spell levels left.
You didn't know any spells.
Your spell library contained the following spells:

 Spells                   Type           Power        Failure   Level  Hunger
 Beastly Appendage        Tmut           #.....       36%         1    ##.....
 Sticks to Snakes         Tmut           #.......     50%         2    ###....
 Spider Form              Tmut/Pois      #.........   75%         3    ####...
 Ice Form                 Ice/Tmut       #.......     98%         4    #####..
 Blade Hands              Tmut           #.........   100%        5    ######.


Dungeon Overview and Level Annotations

Branches:
Dungeon (8/15)             Temple (1/1) D:5
   Lair: D:8-11

Altars:
Ashenzari
Cheibriados
Dithmenos
Elyvilon
Fedhas
Gozag
Hepliaklqana
Kikubaaqudgha
Makhleb
Nemelex Xobeh
Okawaru
Qazlal
Sif Muna
Trog
Uskayaw
Vehumet
Wu Jian
Xom
Yredelemnul
Zin
The Shining One

Annotations:
D:5 2 runed translucent doors, anet's ghost, amateur GnWr
D:6 2 runed translucent doors, paps's ghost, novice DsBe


Innate Abilities, Weirdness & Mutations

You have hooves in place of feet.
Armour fits poorly on your strangely shaped body.
You cover ground very quickly.
You have extremely tough skin. (AC +3)


Message History

Okay, then.
What are your orders? t - Shout!
Orders for allies: a - Attack new target. r - Retreat! s - Stop attacking. g - Guard the area. f - Follow me.
Anything else - Cancel.
Okay, then.
Okay, then.
Okay, then.
As you read the scroll labeled DOUCSODUAR, it crumbles to dust.
You hear a loud clanging noise!
It was a scroll of noise.
You feel sick.
You hear an angry buzzing noise.
You hear a shout! x3
You hear an angry buzzing noise.
You hear a shout!
You hear an angry buzzing noise.
The killer bee barely misses you. x2
The killer bee stings you but does no damage.
The killer bee stings you!
You die...

#################
#...........§§§.#
#...........§§§§#
#.......<.@yy§§§#######
#..........y.§y§§§§yy(#
#.........y.§§§§#####.#
#...........§§§§#
#...(....
#...........§§§.#
#....##y#
#...............#
#..###
#...............# #..
#...............# #.#
#...............# #.


You could see a queen bee and 4 killer bees.

Vanquished Creatures
  A troll (D:4)
  Prince Ribbit (D:7)
  Sigmund (D:6)
  Duvessa (D:5)
  2 orc warriors
  A necrophage (D:4)
  A sky beast (D:7)
  An ice beast (D:8)
  An ogre (D:5)
  2 centaurs
  2 bullfrogs
  Dowan (D:5)
  5 scorpions (D:4)
  7 killer bees (D:8)
  A wight (D:7)
  3 crimson imps
  A centaur zombie (D:7)
  4 hounds
  A jelly (D:5)
  8 orc wizards
  2 bullfrog skeletons (D:7)
  4 orc priests
  2 centaur skeletons (D:5)
  Jessica (D:2)
  Terence (D:2)
  An iguana (D:7)
  A gnoll shaman (D:4)
  3 worker ants
  2 hound skeletons
  10 adders
  12 gnolls
  3 shadow imps
  An ooze (D:6)
  An adder zombie (D:8)
  2 adder skeletons
  A worm (D:4)
  2 dart slugs
  4 leopard geckos
  34 orcs
  7 giant cockroaches
  2 gnoll zombies (D:3)
  5 goblins
  7 hobgoblins
  3 quokkas
  4 ball pythons
  13 bats
  4 frilled lizards
  7 kobolds
  A leopard gecko zombie (D:6)
  2 quokka skeletons
  A quokka zombie (D:6)
  8 rats
196 creatures vanquished.

Vanquished Creatures (others)
  2 fungi (D:4)
  2 plants (D:4)
4 creatures vanquished.

Grand Total: 200 creatures vanquished

Notes
Turn   | Place    | Note
-------+----------+-------------------------------------------
     0 | D:1      | ReteAZ the Centaur Hunter began the quest for the Orb.
     0 | D:1      | Reached XP level 1. HP: 17/17 MP: 1/1
   407 | D:1      | Reached XP level 2. HP: 24/24 MP: 2/2
   416 | D:1      | Reached skill level 5 in Slings
   914 | D:2      | Noticed Jessica
   937 | D:2      | Killed Jessica
   937 | D:2      | Reached XP level 3. HP: 29/29 MP: 3/3
  1096 | D:2      | Noticed Terence
  1167 | D:2      | Killed Terence
  1167 | D:2      | Reached XP level 4. HP: 36/36 MP: 4/4
  1788 | D:2      | Found a hazy altar of Hepliaklqana.
  2090 | D:3      | Found a basalt altar of Yredelemnul.
  2360 | D:3      | Reached XP level 5. HP: 39/41 MP: 5/5
  2413 | D:3      | Found a radiant altar of Vehumet.
  2966 | D:4      | Noticed a necrophage
  2997 | D:4      | Killed a necrophage
  2997 | D:4      | Reached XP level 6. HP: 23/44 MP: 6/6
  3272 | D:4      | Noticed a troll
  3976 | D:4      | Reached XP level 7. HP: 36/51 MP: 7/7
  4103 | D:4      | Got a faintly glowing arbalest
  4105 | D:4      | Identified the +9 arbalest "Kuevos" {vorpal, MR+} (You
                  | found it on level 4 of the Dungeon)
  4503 | D:4      | Reached skill level 1 in Crossbows
  4536 | D:4      | Reached skill level 2 in Crossbows
  4684 | D:4      | Reached skill level 3 in Crossbows
  4725 | D:4      | Reached skill level 4 in Crossbows
  4807 | D:4      | Killed a troll
  4807 | D:4      | Reached skill level 5 in Crossbows
  4807 | D:4      | Reached XP level 8. HP: 43/57 MP: 8/8
  4847 | D:4      | Reached skill level 6 in Crossbows
  5138 | D:5      | Entered Level 5 of the Dungeon
  5182 | D:5      | Found a shattered altar of Ashenzari.
  5533 | D:5      | Found a staircase to the Ecumenical Temple.
  5539 | Temple   | Entered the Ecumenical Temple
  5843 | D:5      | Reached skill level 7 in Crossbows
  5909 | D:5      | Noticed Duvessa
  5911 | D:5      | Noticed Dowan
  5912 | D:5      | Killed Duvessa
  5912 | D:5      | Reached skill level 8 in Crossbows
  5918 | D:5      | Killed Dowan
  6219 | D:5      | Found a glowing golden altar of the Shining One.
  6223 | D:5      | Found an ancient bone altar of Kikubaaqudgha.
  6223 | D:5      | Found an iron altar of Okawaru.
  6224 | D:5      | Found an opulent altar of Gozag.
  6232 | D:5      | Became a worshipper of Warmaster Okawaru
  6266 | D:5      | Found a shadowy altar of Dithmenos.
  6415 | D:5      | Reached skill level 9 in Crossbows
  6537 | D:5      | Found a large runed translucent door.
  6538 | D:5      | Found a large runed translucent door.
  6540 | D:5      | Noticed anet's ghost (amateur GnWr)
  6583 | D:6      | Noticed Sigmund
  6586 | D:6      | Killed Sigmund
  6626 | D:6      | Reached * piety under Okawaru
  6626 | D:6      | Reached XP level 9. HP: 15/63 MP: 9/9
  7032 | D:6      | Found a large runed translucent door.
  7035 | D:6      | Found a large runed translucent door.
  7037 | D:6      | Noticed paps's ghost (novice DsBe)
  7058 | D:6      | Reached skill level 10 in Crossbows
  7516 | D:7      | Found a sparkling altar of Nemelex Xobeh.
  7802 | D:7      | Noticed Prince Ribbit
  7807 | D:7      | Killed Prince Ribbit
  7807 | D:7      | Reached skill level 11 in Crossbows
  8145 | D:8      | Reached ** piety under Okawaru
  8446 | D:8      | Reached skill level 12 in Crossbows
  8454 | D:8      | Noticed a queen bee
  8466 | D:8      | Slain by a killer bee

Levels and vault maps discovered:
D:1:      lightli_arrival_statue_moat, layout_basic, serial_park_tiny_pond,
          minmay_fountain_box
D:2:      wad_river_or_something, layout_basic, lemuel_doored_altar,
          first_ration, minmay_heptomino_d4, uniq_jessica, uniq_terence
D:3:      layout_basic, lemuel_zombie_altar_yredelemnul, lemuel_tele_altar
D:4:      old_forge, layout_basic
D:5:      layout_gridville, cheibrodos_ashenzari_chains,
          grunt_temple_overflow_open, minmay_temple_entry_fiery,
          ebering_ghost_disaster_area, basic_altar, mrwooster_statue_mirror,
          grunt_ministairs_12, minmay_misc_feat_room, minmay_starry_boxes,
          uniq_duvessa
D:6:      layout_cave_pools, ebering_ghost_disaster_area, serial_column_ruins,
          column_ruins_pillar_1, column_ruins_pillar_9, column_ruins_pillar_1,
          column_ruins_pillar_6, column_ruins_pillar_2, column_ruins_pillar_5,
          column_ruins_pillar_4, uniq_sigmund
D:7:      layout_loops_ring, kennysheep_little_box, st_stairs_10,
          uniq_prince_ribbit1
D:8:      layout_gridville, david_nohive_1, uniq_joseph
Temple:   nicolae_temple_figure_eight

Skill      XL: |  1  2  3  4  5  6  7  8  9 |
---------------+----------------------------+-----
Slings         | 5 6 7 8 9 |  9.5
Crossbows      | 5 9 12 | 12.4
Fighting       | |  2.0
Dodging        | |  1.3
Stealth        | |  0.4

Action                   |  1- 3 |  4- 6 |  7- 9 || total
-------------------------+-------+-------+-------++-------
 Fire: Hunting sling     |    84 |   298 |    17 ||   399
       Arbalest          |       |       |   237 ||   237
  Use: Scroll            |       |       |     4 ||     4
       Potion            |       |       |     2 ||     2
  Eat: Chunk             |       |     7 |    11 ||    18
Armor: Leather armour    |     7 |    17 |       ||    24
       Skin              |     2 |       |       ||     2
       Robe              |       |    17 |    35 ||    52
Dodge: Dodged            |    10 |    47 |    58 ||   115

Table legend:
 A = Non-vault XP
 B = Vault XP
 C = Vault XP percentage of total XP
 D = Non-vault monster count
 E = Vault monster count
 F = Vault count percentage of total count
                 A         B        C        D         E       F
            +---------+---------+-------+---------+---------+-------
      Total |    3244 |    1700 |  34.4 |     147 |      49 |  25.0
            +---------+---------+-------+---------+---------+-------
        D:1 |      22 |       0 |   0.0 |      15 |       0 |   0.0
        D:2 |      37 |     109 |  74.7 |       9 |      15 |  62.5
        D:3 |     100 |       3 |   2.9 |      17 |       2 |  10.5
        D:4 |    1019 |     321 |  24.0 |      37 |      14 |  27.5
        D:5 |     592 |     291 |  33.0 |      20 |       7 |  25.9
        D:6 |     482 |     208 |  30.1 |      18 |       1 |   5.3
        D:7 |     456 |     326 |  41.7 |      14 |       3 |  17.6
        D:8 |     536 |     442 |  45.2 |      17 |       7 |  29.2
            +---------+---------+-------+---------+---------+-------
